 Dungeon Crawl Stone Soup version 0.25-a0-425-g0e000e855e (webtiles) character file.

Game seed: 8723108635489540111, levelgen mode: deterministic

835 Gargoyl the Chopper (level 7, -3/59 HPs)
             Began as a Centaur Abyssal Knight on Jan 24, 2020.
             Was a Priest of Lugonu.
             Slain by an ogre
             ... wielding a +0 giant spiked club
              (22 damage)
             ... on level 5 of the Dungeon.
             The game lasted 00:06:30 (5000 turns).

Gargoyl the Chopper (Centaur Abyssal Knight)        Turns: 5000, Time: 00:06:31

Health: -3/59      AC:  9    Str: 15    XL:     7   Next: 66%
Magic:  10/10      EV:  9    Int: 11    God:    Lugonu [***...]
Gold:   232        SH:  0    Dex: 10    Spells: 6/6 levels left

rFire    + . .     SeeInvis .   d - +1 war axe (vorpal)
rCold    + . .     Gourm    .   (no shield)
rNeg     . . .     Faith    .   l - +1 ring mail {rF+}
rPois    .         Spirit   .   e - +1 helmet
rElec    .         Reflect  .   (no cloak)
rCorr    .         Harm     .   (no gloves)
MR       +....                  (no barding)
Stlth    ..........             (no amulet)
HPRegen  0.19/turn              g - ring of protection from magic
MPRegen  0.12/turn              t - ring of protection from cold

@: very quick
A: large, hooves 3, deformed body, speed 2, tough skin 3
a: Depart the Abyss, Bend Space, Banish, Renounce Religion


You were on level 5 of the Dungeon.
You worshipped Lugonu.
Lugonu was most pleased with you.
You were not hungry.

You visited 1 branch of the dungeon, and saw 5 of its levels.
You visited the Abyss 1 time.

You collected 232 gold pieces.

Inventory:

Hand Weapons
 a - a +1 hand axe
 d - a +1 vorpal war axe (weapon)
Armour
 e - a +1 helmet (worn)
 l - a +1 ring mail of fire resistance (worn)
Jewellery
 g - a ring of protection from magic (left hand)
 t - a ring of protection from cold (right hand)
Wands
 k - a wand of flame (5)
Scrolls
 f - a scroll of identify
 h - a scroll of magic mapping
 o - a scroll of remove curse
 q - a scroll of teleportation
Potions
 b - 3 potions of curing
 i - 2 potions of heal wounds
 j - 2 potions of flight
 m - 2 potions of cancellation
 n - a potion of magic {unknown}
 p - a potion of might {unknown}
 r - a potion of berserk rage {unknown}
 u - a potion of brilliance {unknown}
 v - 2 potions of haste
 w - a potion of ambrosia {unknown}
Comestibles
 c - 7 rations


   Skills:
 + Level 4.1 Fighting
 + Level 4.5 Axes
 * Level 3.6 Armour
 * Level 2.6 Dodging
 * Level 4.1 Invocations


You had 6 spell levels left.
You didn't know any spells.
Your spell library was empty.

Dungeon Overview and Level Annotations

Branches:
Dungeon (5/15)
 Temple: D:4-7

Altars:
Xom


Innate Abilities, Weirdness & Mutations

You have hooves in place of feet.
Armour fits poorly on your strangely shaped body.
You cover ground very quickly.
You have extremely tough skin. (AC +3)


Message History

The ogre is lightly wounded.
The ogre hits you with a +0 giant spiked club!
You hit the ogre. Your kick misses the ogre.
The ogre is moderately wounded.
The ogre closely misses you.
You slash the ogre! Your kick misses the ogre.
The ogre is severely wounded.
You feel sick. The ogre barely misses you.
You barely miss the ogre. Your kick misses the ogre.
The ogre is severely wounded.
The ogre barely misses you.
You hit the ogre.
The ogre is severely wounded.
The ogre hits you with a +0 giant spiked club.
You hit the ogre.
The ogre is almost dead.
You feel sick.
You are no longer poisoned.
The ogre hits you with a +0 giant spiked club!!
You die...

.#.# #.#####<....#
.#.# #...........#
...# #.#.........#
.#####.#....##...#
....##.#.........#
.##....#..#.##.#.#
.#######.#...#.#.#
.# .........#.#
##. ##.#.#####@#
... #O# ### #.#
..# #.. ... .#. .
..


You could see an ogre.

Vanquished Creatures
  Sigmund (D:4)
  2 centaurs
  4 scorpions
  A hound (D:4)
  A bullfrog skeleton (D:4)
  2 orc wizards (D:4)
  Ijyb (D:3)
  Terence (D:2)
  2 worker ants
  3 adders
  A worm (D:4)
  A dart slug (D:2)
  2 leopard geckos (D:2)
  6 orcs
  A giant cockroach (D:4)
  13 goblins
  4 hobgoblins
  11 jackals
  3 quokkas
  A ball python (D:4)
  7 bats
  5 frilled lizards
  5 kobolds
  A leopard gecko zombie (D:5)
  7 rats
86 creatures vanquished.

Notes
Turn   | Place    | Note
-------+----------+-------------------------------------------
     0 | Abyss:1  | Gargoyl the Centaur Abyssal Knight began the quest for the
                  | Orb.
     0 | Abyss:1  | Reached XP level 1. HP: 19/19 MP: 2/2
    63 | Abyss:2  | Noticed a quasit
   114 | Abyss:3  | Noticed a ynoxinul
   171 | Abyss:3  | Noticed a starcursed mass
   193 | Abyss:3  | Noticed a large abomination
   206 | D:1      | Escaped the Abyss
   428 | D:1      | Reached * piety under Lugonu
   553 | D:1      | Reached XP level 2. HP: 26/26 MP: 3/3
  1432 | D:2      | Reached XP level 3. HP: 31/31 MP: 4/4
  1544 | D:2      | Reached skill level 1 in Dodging
  1917 | D:2      | Noticed Terence
  1934 | D:2      | Killed Terence
  1934 | D:2      | Reached ** piety under Lugonu
  1934 | D:2      | Reached XP level 4. HP: 30/38 MP: 5/5
  2575 | D:3      | Noticed a centaur
  2588 | D:3      | Killed a centaur
  2588 | D:3      | Reached XP level 5. HP: 22/45 MP: 5/7
  2832 | D:3      | Noticed Ijyb
  2850 | D:3      | Killed Ijyb
  3550 | D:4      | Noticed a centaur
  3558 | D:4      | Killed a centaur
  3558 | D:4      | Reached XP level 6. HP: 27/52 MP: 8/8
  3676 | D:4      | Found a shimmering altar of Xom.
  4123 | D:4      | Noticed Sigmund
  4187 | D:4      | Killed Sigmund
  4187 | D:4      | Reached XP level 7. HP: 39/58 MP: 9/9
  4855 | D:5      | Entered Level 5 of the Dungeon
  4899 | D:5      | Reached *** piety under Lugonu
  5000 | D:5      | Slain by an ogre

Levels and vault maps discovered:
D:1:      dpeg_arrival_rooms_a, layout_basic
D:2:      layout_basic, palyth_stone_intersect, kennysheep_cross_bottleneck,
          uniq_terence
D:3:      kennysheep_goblin_castle, layout_loops_corners, first_ration
D:4:      layout_gridville, lemuel_doored_altar, nrook_mini_vaults, uniq_sigmund
D:5:      layout_basic, temple_statues, corexii_mini_fake_secret_closet

Skill      XL: |  1  2  3  4  5  6  7 |
---------------+----------------------+-----
Axes           | 2 3 4 |  4.5
Dodging        | 1 2 |  2.6
Armour         | 2 3 |  3.6
Invocations    | 3 4 |  4.1
Fighting       | 4 |  4.1

Action                   |  1- 3 |  4- 6 |  7- 9 || total
-------------------------+-------+-------+-------++-------
Melee: War axe           |    90 |    82 |    57 ||   229
       Kick              |    18 |    11 |     8 ||    37
Invok: Depart the Abyss  |     1 |       |       ||     1
  Use: Potion            |     1 |     4 |       ||     5
       Scroll            |     6 |     6 |     2 ||    14
  Eat: Chunk             |     2 |     3 |     2 ||     7
       Ration            |       |     1 |       ||     1
Armor: Leather armour    |    15 |       |       ||    15
       Ring mail         |    25 |    56 |    29 ||   110
       Skin              |       |    29 |       ||    29
Dodge: Dodged            |    49 |    46 |    25 ||   120

Table legend:
 A = Non-vault XP
 B = Vault XP
 C = Vault XP percentage of total XP
 D = Non-vault monster count
 E = Vault monster count
 F = Vault count percentage of total count
                 A         B        C        D         E       F
            +---------+---------+-------+---------+---------+-------
      Total |     758 |     435 |  36.5 |      72 |      14 |  16.3
            +---------+---------+-------+---------+---------+-------
        D:1 |      24 |       0 |   0.0 |      17 |       0 |   0.0
        D:2 |      57 |      36 |  38.7 |      19 |       1 |   5.0
        D:3 |      11 |     168 |  93.9 |       6 |      12 |  66.7
        D:4 |     545 |     231 |  29.8 |      21 |       1 |   4.5
        D:5 |     121 |       0 |   0.0 |       9 |       0 |   0.0
            +---------+---------+-------+---------+---------+-------
